[Event "Swedish Championship U20 2022"]
[Site "Uppsala"]
[Date "2022.07.04"]
[Round "3.1"]
[White "Wernberg, Hugo"]
[Black "Olsson, William"]
[Result "0-1"]
[ECO "B51"]
[WhiteElo "2316"]
[BlackElo "2284"]
[Annotator "TA"]
[PlyCount "128"]
[EventDate "2022.07.01"]
[EventType "tourn"]
[EventCountry "SWE"]
[SourceTitle "playchess.com"]
[Source "ChessBase"]
[SourceQuality "1"]
[TimeControl "40/5400+30:1800+30"]

1. e4 c5 2. Nf3 d6 3. Bb5+ Nd7 4. Ba4 Ngf6 5. O-O e5 6. d3 {[%emt 0:01:05] B51: Sicilian: Moscow Variation (3 Bb5+) without 3...Bd7.} Be7 7. Re1 O-O 8. c3 {[%emt 0:01:24] [#] White has an edge.} Rb8 $146 ({Predecessor:} 8... Qc7 9. Bc2 Re8 10. Nbd2 d5 11. Bb3 c4 12. dxc4 dxe4 13. Ng5 h6 14. Ngxe4 b6 {0-1 (29) Ferreira,J (1840)-Saraiva,A (1863) Rio de Janeiro 2017}) 9. Bc2 b5 10. Nbd2 Re8 11. Nf1 Bf8 12. h3 Bb7 13. Ng3 g6 14. b3 Bg7 15. Bb2 Qc7 16. d4 a5 (16... d5 {feels hotter.} 17. dxe5 Nxe5 18. c4 Nxe4 19. Bxe5 Bxe5 20. Nxe5 Rxe5 21. Nxe4 dxe4 22. cxb5 Rd8) 17. dxe5 dxe5 18. Qe2 Bc6 19. Red1 Nf8 20. c4 N6d7 21. cxb5 Bxb5 22. Bd3 Bc6 23. Bc4 Nb6 24. Ba3 (24. Bd5 $5) 24... Nxc4 25. Qxc4 Ne6 26. Rac1 (26. Bxc5 $15 Bb5 27. Bd6) 26... Bf8 $17 27. Qc3 (27. Nf1 $142) 27... f6 28. Nd2 Kg7 29. Nc4 Ra8 (29... a4 $1 $17 30. bxa4 Bxa4) 30. Ne3 Qb7 31. f3 Red8 32. Rxd8 Rxd8 33. Nc4 a4 34. Na5 Qb6 35. Nxc6 Qxc6 36. b4 $2 {[%emt 0:00:31] [#]} (36. Nf1 $15) 36... c4 $2 ({Better is} 36... Qb5 $1 $19 37. bxc5 Rd3) 37. Qxc4 (37. Kh2 $15) 37... Rd1+ $2 (37... Qxc4 $19 38. Rxc4 Rd2) 38. Nf1 $2 {[%emt 0:01:31] [#]} (38. Kh2 $15 Qxc4 39. Rxc4) 38... Qxc4 $1 $19 {[%emt 0:04:22][%mdl 64] Deflection} ({Weaker is} 38... Qb6+ 39. Kh2 Rd4 40. Qc8 $14 (40. Qc6 Qxc6 41. Rxc6 Rd6 $14)) 39. Rxc4 Ra1 40. Rc2 $2 (40. Bc1) 40... Nd4 41. Rc7+ Kg8 {[%emt 0:00:11] Strongly threatening ...Bh6.} 42. Rc8 Rxa2 43. Bc1 Ne2+ (43... Rc2 $142 44. Rxc2 Nxc2) 44. Kh2 {[%emt 0:00:23] Bh6 is the strong threat.} Nxc1 45. Rxc1 Bxb4 {[%emt 0:00:30][%mdl 4096] Endgame And now ...a3 would win. KRB-KRN} 46. Ne3 Bd2 47. Rc8+ Kf7 48. Nd5 (48. Nc2 $17) 48... a3 49. Rc7+ Ke6 {[%emt 0:00:00] aiming for ...Kd6.} 50. Ra7 $2 (50. Rxh7 Bf4+ 51. Nxf4+ exf4 52. h4) 50... Kd6 51. Ra6+ Kc5 52. Nxf6 (52. Ra8 $142) 52... Kb5 {[%emt 0:00:18] ( -> ...Bf4+)} 53. Ra8 Bf4+ 54. Kg1 Be3+ (54... Bg3 $142 55. Kf1 Rf2+ 56. Ke1 a2 57. Nxh7 a1=Q+ 58. Rxa1 Ra2+ 59. Kf1 Rxa1+ 60. Ke2 Ra2+ 61. Kd3 Rxg2) 55. Kh2 Bf4+ (55... Bd2 $142 56. Nd5 Ba5) 56. Kg1 Bg3 57. Rb8+ Kc4 58. Rc8+ Kd3 59. Rc1 Kd2 60. Rf1 Rc2 61. Nd5 Rc1 62. Nb4 Bf4 (62... Rxf1+ $142 63. Kxf1 Kc3 64. Na2+ Kb2 65. Nb4 Kb3 66. Nd3 Kc3 67. Nc1 Kc2 68. Ke2 Kxc1 69. Kd3 a2 70. Kc4 a1=Q 71. Kc5 Qd4+ 72. Kc6 Qg1 73. Kd6 Qxg2 74. Ke6 Qxf3 75. h4 Qxe4 76. Kd6 Qf5 77. Kc7 e4+ 78. Kb6 e3 79. Kc6 e2 80. Kb6 e1=Q 81. Kc6 Qb4 82. h5 Qe6#) 63. Rxc1 Kxc1 64. Kf1 Bd2 {[%emt 0:00:08] Weighted Error Value: White=0.58/Black=0.47} 0-1

[Event "Swedish Championship U20 2022"]
[Site "Uppsala"]
[Date "2022.07.04"]
[Round "3.2"]
[White "Nord, Alexander"]
[Black "Ostlund, Joar"]
[Result "1/2-1/2"]
[ECO "C56"]
[WhiteElo "2200"]
[BlackElo "2222"]
[Annotator "RC"]
[PlyCount "59"]
[EventDate "2022.07.01"]
[EventType "tourn"]
[EventCountry "SWE"]
[SourceTitle "playchess.com"]
[Source "ChessBase"]
[SourceQuality "1"]
[TimeControl "40/5400+30:1800+30"]

1. e4 e5 2. Nf3 Nc6 3. d4 exd4 4. Bc4 Nf6 5. e5 d5 6. Bb5 Ne4 7. Nxd4 Bd7 8. Bxc6 bxc6 9. O-O Bc5 10. f3 Ng5 11. Be3 Bb6 12. f4 Ne4 13. Nd2 Nxd2 14. Qxd2 O-O 15. Nb3 f6 16. Bd4 fxe5 17. fxe5 Qe7 18. Qe3 Bf5 19. c3 Be4 20. Nc5 Rfe8 21. Rf2 h6 22. a3 Kh7 23. Raf1 Bg6 24. Re1 Rf8 25. Rxf8 Rxf8 26. b4 Re8 27. h3 Qh4 28. Nb3 Be4 29. Nc5 Bxc5 30. bxc5 1/2-1/2

[Event "Swedish Championship U20 2022"]
[Site "Uppsala"]
[Date "2022.07.04"]
[Round "3.4"]
[White "Seo, Jung Hyun"]
[Black "Rasti, Arvin"]
[Result "1/2-1/2"]
[ECO "B12"]
[WhiteElo "2102"]
[BlackElo "2136"]
[Annotator "NA RC"]
[PlyCount "78"]
[EventDate "2022.07.01"]
[EventType "tourn"]
[EventCountry "SWE"]
[SourceTitle "playchess.com"]
[Source "ChessBase"]
[SourceQuality "1"]
[TimeControl "40/5400+30:1800+30"]

1. e4 c6 2. d4 d5 3. e5 c5 4. dxc5 e6 5. a3 Bxc5 6. b4 Be7 7. Nf3 Nd7 8. Bd3 a5 9. b5 Nc5 10. O-O Nxd3 11. cxd3 Bd7 12. a4 Rc8 13. Bd2 Bc5 14. d4 Bb6 15. Nc3 Ne7 16. Rc1 Rc4 17. Bg5 h6 18. Be3 Qc7 19. Qb3 Qb8 20. Na2 Qc8 21. Rxc4 dxc4 22. Qc2 Nd5 23. Rc1 Bd8 24. Qxc4 Qxc4 25. Rxc4 Nb6 26. Nd2 O-O 27. Nc3 Nxc4 28. Nxc4 Bc7 29. Ne4 b6 30. Ned6 Rb8 31. Kf1 Bc8 32. Ke2 Bb7 33. Nxb7 Rxb7 34. Kd3 Rb8 35. Bc1 Kf8 36. g4 Ke7 37. h3 f6 38. Ba3+ Kf7 39. f4 fxe5 1/2-1/2

[Event "Swedish Championship U20 2022"]
[Site "Uppsala"]
[Date "2022.07.04"]
[Round "3.5"]
[White "Grahn, Vidar"]
[Black "Falkevall, Axel"]
[Result "0-1"]
[ECO "B87"]
[WhiteElo "2003"]
[BlackElo "2275"]
[Annotator "TA"]
[PlyCount "114"]
[EventDate "2022.07.01"]
[EventType "tourn"]
[EventCountry "SWE"]
[SourceTitle "playchess.com"]
[Source "ChessBase"]
[SourceQuality "1"]
[TimeControl "40/5400+30:1800+30"]

1. e4 c5 2. Nf3 d6 3. d4 cxd4 4. Nxd4 Nf6 5. Nc3 a6 6. Bc4 e6 7. Bb3 b5 8. O-O Be7 9. Qf3 Qb6 10. Be3 Qb7 11. a3 (11. Qg3 {seems wilder.} O-O 12. Bh6 Ne8 13. Rad1) 11... Nbd7 {[%emt 0:05:25][%cal Bb8d7,Bd7b6,Bb6c4][%mdl 32] B87: Sicilian Scheveningen/Najdorf: 6 Bc4, with early ...b5.} 12. Rfe1 O-O 13. Qg3 Kh8 {[%emt 0:03:36] The position is equal.} (13... Nxe4 $2 14. Nxe4 Qxe4 15. Nxe6 $1 fxe6 16. Bg5 $18) 14. f3 {[%emt 0:01:41] [#]} Nb6 $146 ({Predecessor:} 14... Nc5 15. Ba2 Qc7 16. Rad1 Bb7 17. Nce2 Rg8 18. Rc1 Na4 19. c4 Nxb2 20. cxb5 Qa5 {½-½ (59) Ruimy,M (2364)-Muri,H (2376) ICCF email 2007}) 15. a4 b4 16. Na2 d5 17. e5 Nfd7 18. c3 $132 {[%emt 0:09:02][%mdl 2048] White is fighting back} bxc3 19. bxc3 Nc4 20. Bg5 (20. Bxc4 $11 {remains equal.} dxc4 21. Nb4) 20... Nc5 (20... Bxg5 $17 21. Bxc4 Bd2) 21. Bc2 (21. Bxc4 $11 {keeps the balance.} Bxg5 22. Qxg5 dxc4 23. Nb4) 21... Bxg5 $17 22. Qxg5 h6 23. Qh4 Bd7 24. Nc1 (24. Nb4 $1 $15) 24... Qc7 25. f4 Nd2 26. Re3 Nce4 27. Nce2 f6 {[%emt 0:01:48] Black is more active.} 28. Nf3 (28. Bxe4 $15 Nxe4 29. exf6 Rxf6 30. Rc1) 28... Nxf3+ $19 29. gxf3 $2 {[%emt 0:00:19] This costs White the game.} (29. Rxf3 $17 fxe5 30. Bxe4 dxe4 31. Rf2) 29... Qc5 30. Nd4 Nxc3 31. f5 fxe5 32. Rxe5 exf5 33. Qf2 Rab8 {[%emt 0:01:32] White must now prevent ...Rb2.} 34. Bxf5 $2 {[%emt 0:00:59] [#]} (34. Rf1 {is a better chance.}) 34... Bxf5 $2 (34... Rb2 $3 $19 35. Qe3 Bxf5 36. Nxf5 Ne2+ 37. Kh1 Qc2 38. Qxe2 Qxe2 39. Rxe2 Rxe2) 35. Nxf5 $17 Qxf2+ 36. Kxf2 Rb2+ 37. Kg1 (37. Ke3 {is the only way for White.}) 37... Re2 38. Rxe2 Nxe2+ 39. Kf2 Rxf5 40. Kxe2 $19 {[%emt 0:00:05][%mdl 4096] Endgame KR-KR} Rh5 $1 41. Ke3 (41. Rh1 $142) 41... Rxh2 42. Kd4 Rd2+ 43. Kc5 d4 44. Kb6 $2 (44. Kd5) 44... d3 {[%emt 0:02:59] aiming for ...Rc2.} 45. Kxa6 {[%emt 0:00:00] [#]} Rb2 46. a5 d2 (46... Kg8 $142 47. Ka7 d2 48. Rg1 Kf7 49. Rh1 Ke6 50. Rd1 Ke5 51. a6 h5 52. f4+ Kf5 53. Ka8 h4 54. Rf1 h3 55. Rd1 h2 56. a7 Rb4 57. Ra1 {[#]} Ra4 $3 58. Rd1 Rb4 59. Rf1 Rxf4 60. Rh1 g5 61. Kb7 Rb4+ 62. Kc6 Ra4 63. Kd5 Rxa7 64. Rf1+ Kg4 65. Kd6 Kg3 66. Ke6 Kg2 67. Rd1 h1=Q 68. Rxd2+ Kf3 69. Kf5 Ra5+ 70. Kg6 Ra6+ 71. Kg7 Qh6+ 72. Kf7 Ra7+ 73. Rd7 Rxd7+ 74. Ke8 Qe6+ 75. Kf8 Qf7#) 47. Rd1 Kg8 48. Ka7 Kf7 49. a6 Ke6 {[%emt 0:01:29] ( -> ...Kd5)} 50. Ka8 Kd5 51. a7 Kd4 52. f4 Ra2 53. Kb8 Kd3 54. Rg1 Kc2 55. Rg2 Kc1 56. f5 {[%emt 0:00:00] [#]} d1=Q $1 57. Rxa2 Qb3+ {[%emt 0:00:09] Weighted Error Value: White=1.01/Black=0.40} 0-1

[Event "Swedish Championship U20 2022"]
[Site "Uppsala"]
[Date "2022.07.05"]
[Round "4.1"]
[White "Olsson, William"]
[Black "Nord, Alexander"]
[Result "1-0"]
[ECO "A20"]
[WhiteElo "2284"]
[BlackElo "2200"]
[Annotator "TA"]
[PlyCount "197"]
[EventDate "2022.07.01"]
[EventType "tourn"]
[EventCountry "SWE"]
[SourceTitle "playchess.com"]
[Source "ChessBase"]
[SourceQuality "1"]
[TimeControl "40/5400+30:1800+30"]

1. c4 e5 2. g3 Nf6 3. Bg2 d5 4. cxd5 Nxd5 5. Nf3 Nc6 6. O-O Nb6 7. b3 {[%emt 0:00:06] A20: English Opening: 1...e5.} Bd6 {[%emt 0:08:30] 7...Be6 is the modern continuation.} 8. Bb2 O-O 9. Nc3 {[%emt 0:02:12] The position is equal.} Qe7 10. Nb5 {[%emt 0:12:46] [#]} f6 $146 ({Predecessor:} 10... f5 11. Nxd6 cxd6 12. e3 Be6 13. d3 a5 14. a3 Bd5 15. Rb1 h6 16. Ba1 Rae8 {½-½ (25) Koegler,K (2542)-Vinchev,S (2512) GER email 2016}) 11. d4 exd4 12. Nxd6 Qxd6 13. Nxd4 Nxd4 14. Bxd4 Rd8 {[%emt 0:03:39] [#]} (14... c6 $14) 15. e3 ({Better is} 15. Bc5 $1 $16 Qd7 (15... Qxd1 16. Raxd1) 16. Qxd7 Rxd7 17. Rad1) 15... c6 $14 16. Qc2 Be6 17. Be4 h6 18. Bg2 Kh8 19. Rfd1 Qe7 20. e4 Nd7 21. f4 Bg8 (21... c5 $11 22. Bf2 Rac8) 22. Re1 Rdc8 23. Rad1 Rd8 24. Bf2 a5 25. Rd3 Nf8 $1 26. Rxd8 Qxd8 27. e5 (27. Bf3 $16) 27... fxe5 $1 $11 28. Rxe5 Nd7 29. Re1 Nf6 30. Qb2 a4 31. Bd4 axb3 32. axb3 Qf8 33. Qc3 Qf7 34. b4 Re8 35. Rxe8 Nxe8 36. h3 Qd7 37. Qc5 Qf7 38. b5 cxb5 (38... Qd7 $1 $11 {remains equal.}) 39. Qxb5 $16 Nd6 40. Qb6 $36 {[%emt 0:00:55][%mdl 2048] White is on the roll.} Qd7 41. Be5 {[%emt 0:33:52] A strong pair of Bishops.} Nf7 42. Bc7 ({But not} 42. Qxb7 $6 Nxe5 43. fxe5 Qd4+ 44. Kh2 Qxe5 $11) 42... Qd1+ 43. Kh2 Qd2 44. Qxb7 Nd6 45. Qc6 Nf5 (45... Nc4 $1 $14) 46. Be5 $1 {[%emt 0:00:00] Threatens to win with g4.} Qe3 47. Qc3 {[%emt 0:00:00][%cal Oe5g7] aiming for Bxg7+! Active counter play!} ({Resist} 47. Qg6 Be6 $14) 47... Qf2 48. Qf3 Qd2 {[%emt 0:01:52] [#]} 49. Bc3 $1 Qc2 50. Be1 Nd4 51. Qf2 Qc5 52. Qd2 Nf5 53. Bf2 Qe7 54. Qd3 Qf7 55. Qe2 Qd7 56. g4 Ne7 57. Kg3 (57. Qe5 $18) 57... Bd5 58. Bf1 Bg8 (58... Bc6 $16 59. Qd3 Nd5) 59. Qb5 Qd2 60. Qd3 (60. Qe5 $18 {Bd4 would kill now.} Nc6 61. Qe3) 60... Qc1 61. Bg2 {[%emt 0:00:00] Prevents Nd5.} Qc7 62. Bd4 Nc8 $2 (62... Bf7 $18 63. Qe3 Kg8) 63. Qg6 Qe7 64. Qxh6+ Bh7 {[%emt 0:00:01] [#]} 65. Qc6 (65. Be4 $142 $1 Qa3+ 66. Kh4 Qe7+ 67. g5 Kg8 68. Qxh7+ Kf8 69. Qf5+ Qf6 70. Qxc8+ Ke7 71. gxf6+ gxf6 72. Bc5+ Kf7 73. Qf8+ Ke6 74. Qe8#) 65... Nd6 $18 66. Be5 Nf7 67. Qc7 Qa3+ 68. Qc3 Qf8 69. Bd4 Nd6 70. Qe3 {[%emt 0:00:33] Prevents Be4.} Nc4 71. Qf3 {[%emt 0:01:39] Black must now prevent Qd5.} Nd6 72. Qa8 {[%emt 0:01:11] Inhibits Be4.} Ne8 (72... Qxa8 $142 73. Bxa8 Be4 74. Bxe4 Nxe4+ 75. Kf3 Nd2+ 76. Ke3 Nc4+ 77. Ke4 Kh7) 73. Be5 Qe7 74. Bf3 {[%emt 0:00:52] Hoping for h4.} Bg8 75. Qc6 {[%emt 0:01:12] Intending Qh6+ and mate.} Bf7 76. g5 Be6 (76... Qa7 $142 77. g6 Bg8) 77. h4 {[%emt 0:01:31] And now h5 would win.} Kg8 78. Bg4 Bf7 79. g6 Ba2 80. Qd7 Qxd7 81. Bxd7 Nf6 82. Bxf6 gxf6 {[%emt 0:00:02] KB-KB} 83. f5 Kg7 84. Be6 Bb1 85. Kf4 Bc2 86. Bd5 {[%emt 0:00:05] White threatens Bf3 and mate.} Bd3 $2 (86... Bd1 $18 87. Bf3 Ba4) 87. Bf3 {[%emt 0:00:39] White mates.} Bc2 88. Bg4 Bd3 89. Ke3 Bc2 90. Kd4 Bb3 91. Kc5 Bc2 92. Kd6 Bb3 93. Ke7 Bc4 94. h5 Bb5 95. Bh3 Bc6 96. h6+ Kxh6 97. Kxf6 Be8 98. Bf1 Bd7 99. g7 {[%emt 0:00:21] Weighted Error Value: White=0.12 (very precise) /Black=0.14 (very precise)} 1-0

[Event "Swedish Championship U20 2022"]
[Site "Uppsala"]
[Date "2022.07.05"]
[Round "4.2"]
[White "Soderstrom, Adrian"]
[Black "Wernberg, Hugo"]
[Result "1/2-1/2"]
[ECO "E16"]
[WhiteElo "2292"]
[BlackElo "2316"]
[Annotator "TA"]
[PlyCount "107"]
[EventDate "2022.07.01"]
[EventType "tourn"]
[EventCountry "SWE"]
[SourceTitle "playchess.com"]
[Source "ChessBase"]
[SourceQuality "1"]
[TimeControl "40/5400+30:1800+30"]

1. d4 Nf6 2. c4 e6 3. Nf3 b6 4. g3 Bb4+ 5. Nbd2 Bb7 6. Bg2 O-O 7. O-O d5 8. Ne5 Nfd7 {[%emt 0:04:51] 8...a5 is becoming the main line. E16: Queen's Indian: 4 g3 Bb7 5 Bg2 Bb4+.} 9. Ndf3 {[%emt 0:03:32] [#]} (9. Nd3 $5 a5 10. cxd5 $14) 9... dxc4 $146 ({Predecessor:} 9... Nxe5 10. Nxe5 Nd7 11. Nxd7 Qxd7 12. c5 bxc5 13. a3 Ba5 14. dxc5 c6 15. b4 Bc7 16. f4 {1-0 (44) Vichnar,D (2223)-Blecha,M (2194) Czech Republic 2011}) 10. Qc2 g6 (10... Nxe5 $2 11. Ng5 Ng6 12. Bxb7 $18) (10... Qc8 $14) 11. Nxc4 (11. Bh6 $18) 11... Be7 $16 12. Rd1 Bf6 13. Bf4 Qe7 14. Rac1 {[%emt 0:05:39] 0x0.001b69f462f8dp-1022s more active pieces.} (14. Bxc7 $6 Rc8 15. Bxb8 Raxb8 $14) 14... Na6 15. Qa4 g5 (15... Rad8 $16 {is a better defense.}) 16. Be3 Nab8 17. Nce5 c5 18. Nxd7 (18. Ng4 $18) 18... Nxd7 19. dxc5 ({Don't do} 19. Bxg5 $6 Bxg5 20. Nxg5 Bxg2 21. Kxg2 b5 22. Qxb5 Rab8 $14) (19. h4 $18 {and White stays clearly on top.}) 19... Nxc5 20. Qg4 Bxf3 21. exf3 Rad8 22. f4 Bxb2 23. Rb1 {[%emt 0:00:17] [#] aiming for Rxd8.} Bg7 24. fxg5 Rxd1+ 25. Rxd1 Rd8 26. h4 Rxd1+ 27. Qxd1 Qd7 28. Qf3 Qc8 29. h5 Nd3 {[%emt 0:00:21] [#]} (29... Qd8 $16) 30. Qe4 (30. h6 $1 $18 Bh8 31. Qe4) 30... Nc5 31. Qg4 (31. Qf4 {seems wilder.} Qd7 32. Kh2 Qd1 33. h6) 31... Qd7 32. g6 hxg6 33. hxg6 fxg6 34. Qxg6 Qf7 35. Qb1 Qd7 36. Bh3 Kf7 37. Bg4 Qd3 {[%emt 0:00:34] Against Qh7} 38. Qc1 (38. Qb4 $16) 38... Qd5 (38... Bd4 $1 $11 {remains equal.}) 39. a3 (39. Qc2 $16) 39... Qe5 (39... Bd4 $1 $11 {keeps the balance.}) 40. Kh2 Qd5 41. Qf1 Bd4 {[%emt 0:02:24] The position is equal.} 42. Qc1 Qe5 43. Bxd4 Qxd4 $11 {[%emt 0:00:11][%mdl 4096] Endgame KQB-KQN} 44. Bh5+ Ke7 45. Qc2 Nd3 46. Qc7+ Qd7 47. Qc3 Qd5 48. Qg7+ Kd6 49. Qf8+ Kc7 50. Bf3 Qd4 51. Qf7+ Kd6 52. Qf8+ Kd7 53. Qf7+ Kd6 54. Qf8+ {[%emt 0:04:27] Blacks defense is rewarded with a draw.  Weighted Error Value: White=0.24 (precise) /Black=0.23 (precise)} 1/2-1/2

[Event "Swedish Championship U20 2022"]
[Site "Uppsala"]
[Date "2022.07.05"]
[Round "4.3"]
[White "Ostlund, Joar"]
[Black "Seo, Jung Hyun"]
[Result "0-1"]
[ECO "D31"]
[WhiteElo "2222"]
[BlackElo "2102"]
[Annotator "TA"]
[PlyCount "98"]
[EventDate "2022.07.01"]
[EventType "tourn"]
[EventCountry "SWE"]
[SourceTitle "playchess.com"]
[Source "ChessBase"]
[SourceQuality "1"]
[TimeControl "40/5400+30:1800+30"]

1. d4 d5 2. c4 e6 3. Nc3 a6 4. cxd5 exd5 5. Nf3 c6 6. Bf4 {[%emt 0:02:37] D31: Queen's Gambit Declined: Semi-Slav without ...Nf6 (+ Marshall Gambit and Noteboom) and Exchange Variation lines without ...Nf6.} Bd6 7. Bxd6 Qxd6 8. e3 {[%emt 0:00:33] White is slightly better.} (8. e4 $5 ) 8... Bf5 9. Qb3 b5 10. a4 b4 11. Na2 a5 12. Bd3 Bxd3 13. Qxd3 Nf6 14. Nc1 Nbd7 15. Nb3 O-O 16. O-O Rfc8 17. Rfc1 {[%emt 0:06:53] [#]} c5 $146 ({Predecessor:} 17... h6 18. Qc2 g6 19. Ne1 Kg7 20. Nd3 Ra6 21. Nbc5 Nxc5 22. Nxc5 Ra7 23. Qe2 Nd7 24. Nxd7 Qxd7 {1-0 (106) Woelk,T (2348)-Aarav,D (2144) Cattolica 2022}) 18. dxc5 Nxc5 19. Nxc5 Rxc5 20. Nd4 Rac8 ({Don't do} 20... Rxc1+ 21. Rxc1 g6 22. h3 $14) 21. Rxc5 Qxc5 22. Nb3 Qc4 23. Qd1 Qc2 (23... Qa6 $11) 24. Qxc2 $16 Rxc2 25. Nxa5 Rxb2 {[%emt 0:00:34][%mdl 4096] Endgame [#] KRN-KRN} 26. Nc6 $1 Ne4 27. a5 Nc5 28. Kf1 {[%emt 0:02:15] Threatens to win with a6.} Na6 29. Ne7+ (29. Rd1 $16) 29... Kf8 $11 30. Nxd5 b3 {[%emt 0:16:35][%cal Bb4b3,Bb3b2][%mdl 32] aiming for ...Rc2.} 31. Ra3 (31. e4 $11 {and White stays safe.}) 31... Rd2 $19 {[%emt 0:03:17][%mdl 1024] Black has strong compensation.} 32. Nc3 b2 {[%emt 0:00:36] [#] And now ...Nc5 would win.} 33. Rb3 Rc2 34. Nd1 Rc1 35. Rxb2 {[%emt 0:00:25] Strongly threatening Ke2.} Rxd1+ {[%emt 0:00:04] KRN-KR} 36. Ke2 Rd5 37. Ra2 g6 38. e4 Rc5 39. Kd3 (39. h4 $17 {might work better.}) 39... Nb4+ 40. Kd4 Rxa5 41. Rb2 Nc6+ 42. Ke3 Ne5 {[%emt 0:00:24] ...Nc4+ is the strong threat.} 43. Rb8+ Kg7 44. h3 Ra3+ 45. Kf4 (45. Ke2 $142) 45... Nd3+ {[%emt 0:00:42] Black is clearly winning.} 46. Kg3 Nc5+ 47. Kf4 Ne6+ 48. Kg4 h5+ 49. Kh4 Nf4 {[%emt 0:00:17] Weighted Error Value: White=0.32/Black=0.05 (flawless)} 0-1

[Event "Swedish Championship U20 2022"]
[Site "Uppsala"]
[Date "2022.07.05"]
[Round "4.4"]
[White "Grahn, Vidar"]
[Black "Torngren, Gustav"]
[Result "0-1"]
[ECO "B87"]
[WhiteElo "2003"]
[BlackElo "2273"]
[Annotator "TA"]
[PlyCount "104"]
[EventDate "2022.07.01"]
[EventType "tourn"]
[EventCountry "SWE"]
[SourceTitle "playchess.com"]
[Source "ChessBase"]
[SourceQuality "1"]
[TimeControl "40/5400+30:1800+30"]

1. e4 c5 2. Nf3 d6 3. d4 cxd4 4. Nxd4 Nf6 5. Nc3 a6 6. Bc4 e6 7. Bb3 b5 8. O-O Be7 9. Qf3 Qc7 10. Qg3 Rg8 {[%emt 0:00:34][%cal Og7g5] B87: Sicilian Scheveningen/Najdorf: 6 Bc4, with early ...b5.} (10... O-O {seems wilder.} 11. Bh6 Ne8 12. Rad1 Bf6) 11. f3 Nbd7 12. Be3 Nc5 {[%emt 0:00:53][%cal Og7g5] [#] Black is slightly better.} 13. a3 $146 ({Predecessor:} 13. Rad1 g5 14. h3 Bb7 15. Ndxb5 axb5 16. Nxb5 Qc6 17. Nxd6+ Kf8 18. c4 Ncd7 19. e5 {0-1 (43) Weil,T (1986)-Thomas,J (1935) ICCF email 2019}) 13... Nxb3 14. cxb3 e5 15. Nf5 Bxf5 16. exf5 Qd7 (16... g6 $14) 17. f4 $16 e4 18. Bd4 d5 (18... Qxf5 $14 19. Rad1 Kf8) 19. Bxf6 (19. Rfd1 $16) 19... Bxf6 $11 20. Rad1 Bxc3 21. Qxc3 f6 {[%emt 0:00:44] Inhibits Qe5+.} 22. Rfe1 Rd8 (22... Qb7 $11 {remains equal.}) 23. Rxe4+ $1 $16 dxe4 24. Rxd7 Kxd7 {[%emt 0:00:21][%mdl 4096] Endgame [#] KQ-KRR} 25. Qd4+ $1 Kc7 26. Qa7+ Kc6 27. Qxa6+ Kc5 (27... Kc7 $16 28. Qa7+ Kc6) 28. b4+ $2 (28. Qa7+ $18 Kc6 29. Kf2) 28... Kd4 $2 {[%emt 0:03:28] [#]} (28... Kc4 $1 $11) 29. Qb6+ $2 (29. Kf2 $1 $18 Kc4 30. Ke2) 29... Kd3 $11 30. Kf2 {[%emt 0:03:25] Prevents e3+.} Rge8 {[%emt 0:01:03] aiming for ...e3+.} 31. Qxb5+ Kd2 {[%emt 0:01:58] ( -> ...e3+)} 32. Qe2+ Kc1 {[%emt 0:00:09] Active counter play!} 33. Qc4+ $1 Kb1 34. Ke3 Rd3+ 35. Ke2 {[%emt 0:00:43] Threatens to win with b5.} Kxb2 (35... Rdd8 $11 {keeps the balance.}) 36. Qc6 ({Better is} 36. b5 $16) 36... Rdd8 37. Ke3 (37. b5 $11) 37... Rc8 $1 $15 38. Qd7 $132 {[%emt 0:02:26][%mdl 2048] White is not holding back} Rc3+ 39. Ke2 $1 Rec8 40. Qxg7 Rb3 41. Qxf6+ Kb1 {[%emt 0:31:33] Strongly threatening ...Rc2+.} 42. Qe6 $2 (42. Qe5 $11 Rc2+ 43. Kd1 Rd3+ 44. Ke1 Rc1+ 45. Kf2 Rc2+ 46. Ke1 Re3+ 47. Kf1) 42... Rc2+ 43. Kf1 Rd3 ({Weaker is} 43... Rc1+ 44. Kf2 (44. Ke2 $2 Rc2+ 45. Kf1 Rd3 $19) 44... Rc2+ 45. Kg1 Rc1+ 46. Kf2 Rc2+ 47. Kg1 Rc1+ 48. Kf2 $11) 44. Qxe4 Rd1+ 45. Qe1 Rxe1+ 46. Kxe1 Rxg2 $19 {[%emt 0:01:11] KR-KP} (46... Ka2 $142 47. g4 Kxa3) 47. f6 {[%emt 0:00:55] And now f7 would win.} Rg4 {[%emt 0:01:15] Black mates.} 48. Kd2 Rxf4 49. Kc3 Ka2 50. a4 Ka3 51. a5 Ka4 52. f7 Kb5 {[%emt 0:00:32] Never resign too early!  Weighted Error Value: White=0.48/Black=0.34} 0-1

[Event "Swedish Championship U20 2022"]
[Site "Uppsala"]
[Date "2022.07.05"]
[Round "4.5"]
[White "Falkevall, Axel"]
[Black "Rasti, Arvin"]
[Result "1-0"]
[ECO "C41"]
[WhiteElo "2275"]
[BlackElo "2136"]
[Annotator "TA"]
[PlyCount "47"]
[EventDate "2022.07.01"]
[EventType "tourn"]
[EventCountry "SWE"]
[SourceTitle "playchess.com"]
[Source "ChessBase"]
[SourceQuality "1"]
[TimeControl "40/5400+30:1800+30"]

1. e4 d6 2. d4 Nf6 3. Nc3 e5 4. Nf3 Nbd7 5. Bc4 Be7 6. O-O O-O 7. Re1 c6 8. a4 b6 9. h3 a6 10. Ba2 Bb7 11. dxe5 {[%emt 0:12:40] was the old line (11.Be3). C41: Philidor Defence.} dxe5 12. Nh4 g6 {[%emt 0:09:22] Against Nf5} (12... Nc5 $14 {deserves consideration.}) 13. Bh6 $16 {[%emt 0:03:35] White is better.} Re8 14. Nf3 {[%emt 0:07:21][%cal Bh4f3,Bf3e5,Be5d3,Bd3c5][%mdl 32] Threatens to win with Ng5. White is much more active.} Nh5 $2 {[%emt 0:12:35] Black cannot hold the game after this.} (14... Bf8 $14 15. Qd2 b5) 15. Qd3 $1 $18 b5 {[%emt 0:09:38] [#]} 16. Rad1 $146 ({Don't take} 16. axb5 $6 cxb5 17. Nxb5 Nf4 18. Bxf4 exf4 $18) (16. Nxb5 $142 $1 Nf4 (16... axb5 17. Bxf7+) 17. Bxf4 axb5 18. Bh6 (18. Nxe5 Nxe5 19. Bxe5 Qxd3 $16)) ({Predecessor:} 16. Red1 Nc5 17. Qxd8 Bxd8 18. Be3 Ne6 19. Nxe5 Bf6 20. Nd7 Bg7 21. a5 Bc8 22. Bxe6 {1-0 (22) Mahdy,K (2420)-Traudes,W (2235) Aschach 1996}) 16... Nc5 17. Qxd8 Bxd8 {[%emt 0:01:00] [#]} (17... Raxd8 $142 18. axb5 (18. Nxe5 Ne6 $16) 18... axb5 19. Nxe5 Ne6 20. Bxe6 fxe6) 18. Be3 $1 Ne6 19. Nxe5 b4 20. Nb1 Nf6 21. Nd2 Bc7 22. Nd3 a5 23. Bxe6 fxe6 24. Nc5 {[%emt 0:00:26] Weighted Error Value: White=0.16 (very precise) /Black=0.48} 1-0